 Dungeon Crawl Stone Soup version 0.27-a0-95-g5a9077b8ae (webtiles) character file.

Game seed: 15634503753567749859

303 knot the Chopper (level 6, 68/70 HPs)
             Began as a Demonspawn Berserker on Jan 19, 2021.
             Was a Believer of Trog.
             Quit the game on level 4 of the Dungeon.
             The game lasted 00:02:59 (3906 turns).

knot the Chopper (Demonspawn Berserker)             Turns: 3906, Time: 00:03:00

Health: 68/70      AC:  8    Str: 18    XL:     6   Next: 15%
Magic:  6/6        EV: 12    Int: 10    God:    Trog [**....]
Gold:   160        SH:  0    Dex: 12    Spells: 5/5 levels left

rFire    . . .     SeeInvis .   a - +0 hand axe
rCold    + . .     Faith    .   (no shield)
rNeg     . . .     Spirit   .   r - +1 scale mail {rC+}
rPois    .         Reflect  .   (helmet restricted)
rElec    .         Harm     .   (no cloak)
rCorr    .         Rampage  .   q - +0 pair of gloves
Will     .....                  (no boots)
Stlth    ..........             (no amulet)
HPRegen  0.21/turn              (no ring)
MPRegen  0.10/turn              (no ring)

@: berserking, very quick
A: horns 1, repulsion field 1
a: Renounce Religion, Berserk, Trog's Hand


You were on level 4 of the Dungeon.
You worshipped Trog.
Trog was pleased with you.
You visited 1 branch of the dungeon, and saw 4 of its levels.

You collected 160 gold pieces.

Inventory:

Hand Weapons
 a - a +0 hand axe (weapon)
Missiles
 b - 6 atropa-tipped darts
 g - 165 stones
 j - 39 sling bullets
 u - 4 boomerangs
 v - 13 poisoned darts
 w - 2 throwing nets
Armour
 q - a +0 pair of gloves (worn)
 r - a +1 scale mail of cold resistance (worn)
Jewellery
 o - an uncursed amulet of regeneration {unknown}
Wands
 m - a wand of iceblast (1) (quivered)
Scrolls
 c - 2 scrolls of amnesia {unknown}
 d - a scroll of random uselessness {unknown}
 e - 3 scrolls of teleportation {unknown}
 h - 2 scrolls of remove curse {unknown}
 l - 7 scrolls of identify {unknown}
 n - a scroll of fear {unknown}
 t - 3 scrolls of fog {unknown}
Potions
 f - 3 potions of ambrosia {unknown}
 i - 4 potions of curing {unknown}
 k - a potion of magic {unknown}
 p - 2 potions of haste {unknown}
 s - a potion of attraction {unknown}
 x - a potion of might {unknown}


   Skills:
 - Level 3.0 Fighting
 + Level 6.3 Axes
 - Level 1.7 Armour
 - Level 1.7 Dodging


You had 5 spell levels left.
You didn't know any spells.
Your spell library was empty.

Dungeon Overview and Level Annotations

Branches:
Dungeon (4/15)
 Temple: D:4-7

Altars:
Makhleb
Qazlal


Innate Abilities, Weirdness & Mutations

You have a pair of small horns on your head.
You are surrounded by a mild repulsion field. (EV +2)


Message History

Trog accepts your kill.
A red film seems to cover your vision as you go berserk!
You feel yourself moving faster!
You feel mighty! The ogre closely misses you.
You slash the ogre!
The ogre is moderately wounded.
You barely miss the ogre.
The ogre is moderately wounded.
The ogre hits you with a +0 giant spiked club.
You hit the ogre. You headbutt the ogre!
The ogre is almost dead.
You slash the ogre!
You kill the ogre!
Trog accepts your kill.
Your Axes skill increases to level 6!
You have reached level 6!
Your experience leads to an increase in your attributes!
Increase (S)trength, (I)ntelligence, or (D)exterity?
You feel clever.
Your demonic ancestry asserts itself...
You begin to radiate repulsive energy.
Are you sure you want to abandon this character and quit the game? (Confirm with "yes".)

...! .. ... ##..
..# . #.... ..# ..
..... #.####...
.....####........
..O.....#.†.!.#
........#@..##
##..)....#
#####............
###..#.........#..#
#......#.......# .#
###.....##....#..#
#
#.)...........##..#
##........##...#..#
#........##....###


There were no monsters in sight!

Vanquished Creatures
  An ogre (D:4)
  An orc wizard (D:3)
  An iguana (D:2)
  8 adders
  A leopard gecko (D:1)
  10 orcs (D:3)
  3 bats
  5 giant cockroaches
  5 goblins
  6 hobgoblins
  3 jackals (D:3)
  5 kobolds
  2 quokkas
  8 frilled lizards
  22 rats
81 creatures vanquished.

Vanquished Creatures (others)
  6 plants (D:1)
6 creatures vanquished.

Grand Total: 87 creatures vanquished

Notes
Turn   | Place    | Note
-------+----------+-------------------------------------------
     0 | D:1      | knot the Demonspawn Berserker began the quest for the Orb.
     0 | D:1      | Reached XP level 1. HP: 18/18 MP: 1/1
   172 | D:1      | Reached skill level 3 in Axes
   390 | D:1      | Gained mutation: You have a pair of small horns on your
                  | head. [demonic ancestry]
   390 | D:1      | Reached XP level 2. HP: 24/24 MP: 2/2
  1344 | D:2      | Reached XP level 3. HP: 29/29 MP: 3/3
  1361 | D:2      | Reached skill level 4 in Axes
  1768 | D:2      | Reached XP level 4. HP: 27/35 MP: 4/4
  1784 | D:2      | Reached ** piety under Trog
  2463 | D:2      | Found a stormy altar of Qazlal.
  2661 | D:3      | Reached skill level 5 in Axes
  3123 | D:3      | Reached XP level 5. HP: 41/41 MP: 5/5
  3535 | D:3      | Found a burning altar of Makhleb.
  3893 | D:4      | Noticed an ogre
  3905 | D:4      | Killed an ogre
  3906 | D:4      | Reached skill level 6 in Axes
  3906 | D:4      | Gained mutation: You are surrounded by a mild repulsion
                  | field. (EV +2) [demonic ancestry]
  3906 | D:4      | Reached XP level 6. HP: 47/47 MP: 6/6
  3906 | D:4      | Quit the game

Illustrated notes

Levels and vault maps discovered:
D:1:      minmay_arrival_nine_rooms, layout_basic, wad_floor_pattern_untrapped,
          minmay_lizard_king
D:2:      layout_rooms, nicolae_overflow_hidden_temple, minmay_rat_hole
D:3:      layout_basic, old_standard_altar, serial_glass, glass_columns_a,
          glass_columns_c
D:4:      layout_cave_pools, minmay_overflow_temple_star_quad, minmay_pentangle

Skill      XL: |  1  2  3  4  5 |
---------------+----------------+-----
Axes           | 3 4 5 6 |  6.3
Fighting       | |  3.0
Armour         | |  1.7
Dodging        | |  1.7

Action                   |  1- 3 |  4- 6 || total
-------------------------+-------+-------++-------
Melee: Hand axe          |    71 |   144 ||   215
       Headbutt          |     4 |    19 ||    23
Invok: Berserk           |     1 |     3 ||     4
       Trog's Hand       |       |     1 ||     1
Evoke: Wand              |       |     5 ||     5
 Stab: Sleeping          |     1 |     1 ||     2
       Distracted        |     1 |       ||     1
Armor: Animal skin       |     9 |    13 ||    22
       Scale mail        |       |    34 ||    34
Dodge: Dodged            |    45 |    74 ||   119

Table legend: (Time is in decaauts)
 A = Elapsed time spent in this place.
 B = Non-inter-level travel time spent in this place.
 C = Inter-level travel time spent in this place.
 D = Time resting spent in this place.
 E = Time spent auto-exploring this place.
 F = Levels seen in this place.
 G = Mean time per level.
                   A        B        C        D        E       F      G
               +--------+--------+--------+--------+--------+-----+--------+
         Total |   3948 |   3845 |    103 |   1090 |   2278 |   4 |  987.0 |
       Dungeon |   3948 |   3845 |    103 |   1090 |   2278 |   4 |  987.0 |
               +--------+--------+--------+--------+--------+-----+--------+

Top non-repeatable levels by time:
     D:2: 1541 daAuts
     D:3: 1212 daAuts
     D:1: 1083 daAuts
     D:4: 111 daAuts
